 Dungeon Crawl Stone Soup version 0.19.1-1-g22dce08 (webtiles) character file.

823 theAP the Carver (level 7, -4/64 HPs)
             Began as a Hill Orc Fighter on Jan 13, 2017.
             Slain by a sky beast (6 damage)
             ... on level 5 of the Dungeon.
             The game lasted 00:09:18 (3918 turns).

theAP the Carver (Hill Orc Fighter)                 Turns: 3918, Time: 00:09:19

Health: -4/64      AC:  4    Str: 21    XL:     7   Next: 96%
Magic:  7/7        EV:  9    Int: 12    God:
Gold:   211        SH:  0    Dex: 10    Spells: 0 memorised, 6 levels left

rFire  . . .     SeeInvis .     a - +1 long sword
rCold  . . .     Gourm    .     h - +2 robe "Lirch" {-Cast MR+++ rCorr Stlth-}
rNeg   . . .     Faith    .     c - +1 shield
rPois  .         Spirit   .     (no helmet)
rElec  .         Reflect  .     (no cloak)
rCorr  +         Harm     .     (no gloves)
MR     +++..     NoCast   +     (no boots)
Stlth  ..........               (no amulet)
                                s - +4 ring of intelligence
                                e - ring of wizardry

@: confused
A: no striking features
a: no special abilities


You were on level 5 of the Dungeon.
You were not hungry.

You visited 1 branch of the dungeon, and saw 5 of its levels.
You also visited: Sewer.

You collected 211 gold pieces.

Inventory:

Hand Weapons
 a - a +1 long sword (weapon)
Armour
 b - a +0 scale mail
 c - a +1 shield (worn)
 h - the +2 robe "Lirch" (worn) {-Cast MR+++ rCorr Stlth-}
   (You found it on level 4 of the Dungeon)

   It affects your resistance to hostile enchantments.
   It prevents spellcasting.
   It protects you from acid and corrosion.
   It makes you less stealthy.
Jewellery
 e - a ring of wizardry (left hand)
 k - an uncursed ring of magical power
 s - a +4 ring of intelligence (right hand)
Wands
 m - a wand of enslavement (21/24)
Scrolls
 g - a scroll of remove curse
 q - 5 scrolls of teleportation
 r - a scroll of blinking
 x - a scroll of magic mapping
Potions
 d - 2 potions of might
 i - 4 potions of flight
 n - a potion of degeneration
 t - a potion of magic
 v - a potion of haste {unknown}
 w - a potion of brilliance {unknown}
 z - a potion of heal wounds {unknown}
Books
 o - a book of Cantrips

   Spells                             Type                      Level
   a - Confusing Touch                Hexes                        1
   b - Animate Skeleton               Necromancy                   1
   c - Summon Small Mammal            Summoning                    1
   d - Apportation                    Translocation                1
Comestibles
 f - 5 bread rations
 l - a fruit
 p - a meat ration
 A - 2 chunks of flesh


   Skills:
 + Level 6.6 Fighting
 * Level 8.1 Long Blades
 - Level 3.3 Armour
 - Level 3.5 Shields


You had 6 spell levels left.
You didn't know any spells.

Dungeon Overview and Level Annotations

Branches:
Dungeon (5/15)
 Temple: D:4-7

Altars:
Gozag
Kikubaaqudgha
Makhleb
Okawaru
Qazlal
Trog


Message History

* * * LOW HITPOINT WARNING * * *
You hit something. Something hits you but does no damage.
A sky beast appears from thin air!
Reactivating autopickup.
You hit the sky beast but do no damage.
The sky beast is lightly wounded.
The sky beast hits you.
* * * LOW HITPOINT WARNING * * *
The sky beast shocks you.
* * * LOW HITPOINT WARNING * * *
Unknown command.
You feel better. The sky beast hits you.
* * * LOW HITPOINT WARNING * * *
The sky beast shocks you.
* * * LOW HITPOINT WARNING * * *
You are confused.
You feel invigorated. The sky beast hits you.
* * * LOW HITPOINT WARNING * * *
The sky beast shocks you.
You die...

# ########? #.
######.# #........
#.####.†....# #.#
.....#.# #Y#
.....#[###### #@#
........<...## #.#
..##.#.#.....###.#
#.#....>...##.#
#.#.........#.#
#.#...........#
#.#.........#.#
#.##.......##.#
#.###.....###.#


You could see a sky beast.

Vanquished Creatures
  Menkaure (D:4)
  An ogre (D:4)
  A centaur (D:3)
  A big kobold (Sewer)
  A bullfrog (D:3)
  A scorpion (D:5)
  A bullfrog skeleton (D:4)
  An iguana (D:4)
  2 orc wizards
  A worker ant (D:4)
  8 adders
  3 river rats
  3 oozes
  5 worms
  3 dart slugs
  3 leopard geckos
  8 orcs
  5 ball pythons
  4 bats
  3 giant cockroaches
  7 goblins
  10 hobgoblins
  7 jackals
  12 kobolds
  2 quokkas
  5 frilled lizards
  9 rats
108 creatures vanquished.

Notes
Turn   | Place    | Note
-------+----------+-------------------------------------------
     0 | D:1      | theAP the Hill Orc Fighter began the quest for the Orb.
     0 | D:1      | Reached XP level 1. HP: 19/19 MP: 1/1
   153 | D:1      | Reached XP level 2. HP: 26/27 MP: 2/2
   475 | D:1      | Reached skill level 3 in Long Blades
   731 | D:2      | Reached XP level 3. HP: 33/33 MP: 3/3
  1075 | D:2      | Reached XP level 4. HP: 31/40 MP: 4/4
  1116 | D:2      | Reached skill level 4 in Long Blades
  1360 | D:3      | Found a faded altar of an unknown god.
  1499 | D:3      | Noticed a centaur
  1510 | D:3      | Killed a centaur
  1510 | D:3      | Reached skill level 5 in Long Blades
  1510 | D:3      | Reached XP level 5. HP: 20/47 MP: 5/5
  1536 | D:3      | Reached skill level 5 in Fighting
  1860 | D:3      | Reached XP level 6. HP: 56/56 MP: 6/6
  2616 | D:4      | Noticed Menkaure
  2622 | D:4      | Killed Menkaure
  2622 | D:4      | Reached skill level 6 in Long Blades
  2665 | D:4      | Reached XP level 7. HP: 25/62 MP: 7/7
  2792 | D:4      | Found a bloodstained altar of Trog.
  2798 | D:4      | Found a stormy altar of Qazlal.
  2799 | D:4      | Found an opulent altar of Gozag.
  2799 | D:4      | Found a burning altar of Makhleb.
  2802 | D:4      | Found an ancient bone altar of Kikubaaqudgha.
  2804 | D:4      | Found an iron altar of Okawaru.
  2928 | D:4      | Reached skill level 7 in Long Blades
  3055 | D:4      | Found a glowing drain.
  3069 | Sewer    | Entered a sewer
  3604 | D:4      | Got a dull robe
  3640 | D:4      | Identified the +2 robe "Lirch" {-Cast MR+++ rCorr Stlth-} (You found it on level 4 of the Dungeon)
  3756 | D:5      | Entered Level 5 of the Dungeon
  3774 | D:5      | Reached skill level 8 in Long Blades
  3916 | D:5      | HP: 1/64 [sky beast (5)]
  3918 | D:5      | Slain by a sky beast

Skill      XL: |  1  2  3  4  5  6  7 |
---------------+----------------------+-----
Long Blades    | 3 5 6 8 |  8.1
Fighting       | 4 5 6 |  6.6
Armour         | |  3.3
Shields        | |  3.5

Action                   |  1- 3 |  4- 6 |  7- 9 || total
-------------------------+-------+-------+-------++-------
Melee: Long sword        |   110 |   132 |   153 ||   395
  Use: Scroll            |     5 |     4 |     5 ||    14
       Potion            |       |       |     3 ||     3
  Eat: Chunk             |       |     6 |     5 ||    11
Armor: Scale mail        |    42 |    43 |    42 ||   127
       Robe              |       |       |     5 ||     5
Dodge: Dodged            |    43 |    32 |    40 ||   115
Block: Shield            |    61 |    57 |    58 ||   176
       Rpst.: Long sword |    13 |    11 |    17 ||    41
